 Dungeon Crawl Stone Soup version 0.19-a0-1922-g1e9a4c1 (webtiles) character file.

109 pokedragonboy the Skirmisher (level 4, 0/60 HPs)
             Began as a Demigod Fighter on Oct 25, 2016.
             Slain by an adder (1 damage)
             ... on level 3 of the Dungeon.
             The game lasted 00:03:58 (2754 turns).

pokedragonboy the Skirmisher (Demigod Fighter)      Turns: 2754, Time: 00:03:58

Health: 0/60       AC: 22    Str: 16 (19) XL:     4   Next: 35%
Magic:  6/6        EV:  2    Int: 17 (19) God:
Gold:   191        SH:  8    Dex: 13 (15) Spells: 0 memorised, 3 levels left

rFire  . . .     SeeInvis .     a - +0 war axe
rCold  . . .     Gourm    .     (armour currently unavailable)
rNeg   + + +     Faith    .     c - +0 shield
rPois  +         Spirit   .     (helmet currently unavailable)
rElec  .         Reflect  .     (cloak currently unavailable)
rCorr  .         Harm     .     (gloves currently unavailable)
MR     .....     NoTele   +     (boots currently unavailable)
Stlth  +.........               (no amulet)
                                (no ring)
                                (no ring)

@: brilliant, lethally poisoned (0 -> -2), tree-form
A: high mp 1
a: no special abilities


You were on level 3 of the Dungeon.
You were not hungry.
You were a tree.
You visited 1 branch of the dungeon, and saw 3 of its levels.

You collected 191 gold pieces.

Inventory:

Hand Weapons
 a - a +0 war axe (weapon)
 e - a +4 war axe of freezing
Missiles
 l - 5 tomahawks (quivered)
 n - a throwing net
Armour
 c - a +0 shield (worn)
 q - a +0 chain mail (melded)
Jewellery
 m - a +2 ring of strength {unknown}
Scrolls
 d - a scroll of teleportation
 i - a scroll of noise
Potions
 b - a potion of cancellation {unknown}
 k - 2 potions of haste
Comestibles
 f - 3 bread rations
 g - 2 meat rations
 j - 16 chunks of flesh
 r - a slice of pizza


   Skills:
 * Level 3.9 Fighting
 * Level 3.3 Axes
 - Level 2.6 Armour
 - Level 2.6 Shields


You had 3 spell levels left.
You didn't know any spells.

Dungeon Overview and Level Annotations

Branches:
Dungeon (3/15)


Innate Abilities, Weirdness & Mutations

You have an increased reservoir of magic. (+10% MP)


Message History

Unknown command.
You miss the adder.
You feel sick. You block the adder's attack.
Your shield prevents you from hitting the adder.
You feel sick. You block the adder's attack.
The adder bites you but does no damage.
Some of the chunks of flesh in your inventory have rotted away.
You closely miss the adder.
You feel sick. You block the adder's attack.
The adder bites you but does no damage.
You closely miss the adder.
You feel sick. The adder bites you.
* * * LOW HITPOINT WARNING * * *
You block the adder's attack.
It was a potion of brilliance.
You feel clever all of a sudden. You block the adder's attack.
It was a potion of degeneration.
There was something very wrong with that liquid.
You feel weakened.
You feel dopey.
You feel clumsy.
* * * LOW HITPOINT WARNING * * *
You feel sick. The adder bites you.
You die...

.......###### #.#
..............
..########.#
......)......#
...........#
......)......#
##...#######.#
....#..#####.#
#.....######.#####
...##..# #.#
#...........)#....
...##..# #.#
#.....######.#.###
.......# #.# #S)..#
#.#.... .......#
##.###♣# #.(..##
.......# ##...##(#.#
##...#
##....####.........#
#..<#
..#...###..........#
#...#
###................#
#...#
###>.####.......#.....
.....#
..##.###......###.####
###.#.#
#.##.##.......# .#
#.#.#
#.##.....#############
#.#.##


You could see an adder.

Vanquished Creatures
  5 adders
  A leopard gecko (D:3)
  2 orcs (D:3)
  6 goblins
  5 hobgoblins
  2 jackals (D:3)
  5 kobolds
  6 bats
  3 frilled lizards
  38 rats
73 creatures vanquished.

Notes
Turn   | Place    | Note
-------+----------+-------------------------------------------
     0 | D:1      | pokedragonboy the Demigod Fighter began the quest for the Orb.
     0 | D:1      | Reached XP level 1. HP: 18/18 MP: 3/3
   549 | D:1      | Reached XP level 2. HP: 26/26 MP: 4/4
  1444 | D:2      | Reached XP level 3. HP: 14/31 MP: 5/5
  2417 | D:3      | Reached XP level 4. HP: 39/40 MP: 6/6
  2752 | D:3      | HP: 1/60 [adder (3)]
  2754 | D:3      | Slain by an adder

Vault maps used:
D:1:      scummos_arrival_forest
D:3:      minmay_rats_cheesy_pizza

Skill      XL: |  1  2  3 |
---------------+----------+-----
Axes           | 2 3 |  3.3
Fighting       | 3 |  3.9
Armour         | |  2.6
Shields        | |  2.6

Action                   |  1- 3 |  4- 6 || total
-------------------------+-------+-------++-------
Melee: War axe           |   107 |    76 ||   183
  Use: Scroll            |     6 |       ||     6
       Potion            |     2 |     3 ||     5
  Eat: Bread ration      |     1 |       ||     1
       Chunk             |     1 |     1 ||     2
Armor: Scale mail        |    58 |     1 ||    59
       Chain mail        |       |    30 ||    30
       Skin              |       |    16 ||    16
Dodge: Dodged            |    41 |    11 ||    52
Block: Shield            |    65 |    38 ||   103
